 Dungeon Crawl Stone Soup version 0.30-a0-341-g682706514a (webtiles) character file.

Game seed: 9482886224022082300

8 IdlyInterested the Chiller (level 2, 0/19 HPs)
             Began as a Demonspawn Wanderer on Nov 4, 2022.
             Constricted to death by a ball python (1 damage)
             ... on level 1 of the Dungeon.
             The game lasted 00:01:28 (139 turns).

IdlyInterested the Chiller (Demonspawn Wanderer)     Turns: 139, Time: 00:01:29

Health: 0/19       AC:  2    Str: 13    XL:     2   Next: 0%
Magic:  1/3        EV:  8    Int: 14    God:
Gold:   5          SH:  4    Dex:  8    Spells: 2/3 levels left

rFire   . . .      SeeInvis .    a - +0 spear
rCold   . . .      Faith    .    (no shield)
rNeg    . . .      Spirit   .    d - +0 robe
rPois   .          Reflect  .    (helmet restricted)
rElec   .          Harm     .    (no cloak)
rCorr   .          Rampage  .    (no gloves)
Will    .....                    (no boots)
Stlth   +.........               (no amulet)
HPRegen 0.23/turn                i - ring of wizardry
MPRegen 0.08/turn                (no ring)

@: constricted
A: condensation shield, antennae 1, talons 1, clumsy 1, noise suppression
a: no special abilities


You were on level 1 of the Dungeon.
You visited 1 branch of the dungeon, and saw 1 of its levels.

You collected 5 gold pieces.

Inventory:

Hand Weapons
 a - a +0 spear (weapon)
Armour
 d - a +0 robe (worn)
Jewellery
 i - a ring of wizardry (left hand)
Wands
 b - a wand of flame (5)
Scrolls
 c - a scroll of butterflies
 e - 3 scrolls of identify {unknown}
 g - a scroll of blinking {unknown}
Potions
 h - a potion of haste {unknown}


   Skills:
 + Level 1.8 Polearms
 * Level 0.1 Dodging
 - Level 1.0 Spellcasting
 * Level 4.0 Ice Magic
 - Level 3.0 Evocations


You had 2 spell levels left.
You knew the following spells:

 Your Spells              Type           Power      Damage    Failure   Level
a - Freeze                Ice            44%        1d6       1%          1

Your spell library contained the following spells:

 Spells                   Type           Power      Damage    Failure   Level
 Ozocubu's Armour         Ice            11%        N/A       6%          3
 Ice Form                 Ice/Tmut       6%         N/A       41%         4


Dungeon Overview and Level Annotations

Branches:
Dungeon (1/15)

Altars:


Innate Abilities, Weirdness & Mutations

A meltable shield of frost defends you. (SH +4)
You have a pair of small antennae on your head.
You have sharp toenails.
You are clumsy. (Dex -2)
You passively dampen the noise of your surroundings.


Message History

Aim: a kobold, wielding a +0 short sword of protection (severely wounded)
You freeze the kobold.
You kill the kobold!
The kobold hits you with a +0 whip.
You hit the kobold.
You kill the kobold!
You hit the goblin.
The goblin is moderately wounded.
The goblin closely misses you.
You barely miss the goblin.
The goblin is moderately wounded.
The goblin misses you.
You closely miss the goblin. The goblin closely misses you.
You closely miss the goblin. The goblin hits you with a +0 club.
* * * LOW HITPOINT WARNING * * *
You hit the goblin.
You kill the goblin!
Your Ice Magic skill increases to level 4!
You hit the kobold.
The kobold is moderately wounded.
The kobold hits you but does no damage.
You hit the kobold.
You kill the kobold!
You have reached level 2!
Your demonic ancestry asserts itself...
Frost condenses into a shield before you.
You barely miss the ball python. The ball python barely misses you. x2
You hit the ball python.
The ball python is moderately wounded.
The ball python bites you.
* * * LOW HITPOINT WARNING * * *
You block the ball python's attack. The ball python bites you.
* * * LOW HITPOINT WARNING * * *
The ball python grabs you. The ball python constricts you.
It was a potion of mutation.
You feel extremely strange. A pair of antennae grows on your head!
You feel clumsy.
You feel your surroundings grow quieter.
Your toenails lengthen and sharpen.
The ball python barely misses you. The ball python constricts you.
You die...

## ### #.#######
... . #.......#
#.####...
.##.......#
#)S...... .
.........###@#
?..###.......#...#
........†......###
. #........#### ..
#...........# ##
...###.......#..##
#..#
............##.##
..#
.####...........
#..#.#
^............#...
#.##.##


You could see a ball python.

Vanquished Creatures
  3 giant cockroaches (D:1)
  A goblin (D:1)
  3 kobolds (D:1)
7 creatures vanquished.

Notes
Turn   | Place    | Note
-------+----------+-------------------------------------------
     0 | D:1      | IdlyInterested the Demonspawn Wanderer began the quest for
                  | the Orb.
     0 | D:1      | IdlyInterested set off with the following items: a +0
                  | spear, a wand of flame (5), a scroll of butterflies, a +0
                  | robe; and the following spell memorised: Freeze; and the
                  | following spells available to memorise: Ozocubu's Armour,
                  | Ice Form.
     0 | D:1      | Reached XP level 1. HP: 13/13 MP: 2/2
   135 | D:1      | Reached skill level 4 in Ice Magic
   137 | D:1      | Gained mutation: A meltable shield of frost defends you.
                  | (SH +4) [demonic ancestry]
   137 | D:1      | Reached XP level 2. HP: 5/19 MP: 0/3
   139 | D:1      | Gained mutation: You have a pair of small antennae on your
                  | head. [potion of mutation]
   139 | D:1      | Gained mutation: You are clumsy. (Dex -2) [potion of
                  | mutation]
   139 | D:1      | Gained mutation: You passively dampen the noise of your
                  | surroundings. [potion of mutation]
   139 | D:1      | Gained mutation: You have sharp toenails. [potion of
                  | mutation]
   139 | D:1      | Constricted to death by a ball python

Illustrated notes

Levels and vault maps discovered:
D:1:      dpeg_arrival_ratfight, layout_rooms, serial_curves, eino_curves_01,
          eino_curves_04

Skill      XL: |  1 |
---------------+----+-----
Ice Magic      | 4 |  4.0
Polearms       | |  1.8
Dodging        | |  0.1
Spellcasting   | |  1.0
Evocations     | |  3.0

Action                   || total
-------------------------++-------
Melee: Spear             ||    23
 Cast: Freeze            ||     4
  Use: Potion            ||     1
Armor: Robe              ||     6
Dodge: Dodged            ||    10
Block: Other             ||     1

Table legend: (Time is in decaauts)
 A = Elapsed time spent in this place.
 B = Non-inter-level travel time spent in this place.
 C = Inter-level travel time spent in this place.
 D = Time resting spent in this place.
 E = Time spent auto-exploring this place.
 F = Levels seen in this place.
 G = Mean time per level.
                   A        B        C        D        E       F      G
               +--------+--------+--------+--------+--------+-----+--------+
         Total |    138 |    138 |      0 |      0 |     73 |   1 |  138.0 |
       Dungeon |    138 |    138 |      0 |      0 |     73 |   1 |  138.0 |
               +--------+--------+--------+--------+--------+-----+--------+

Top non-repeatable levels by time:
     D:1: 138 daAuts
